cohdb
Replays
Latest Replays
All Replays
Popular Replays
Top Player Replays
Match Explorer
How It Works
Community
CoH3 Stats
Reddit
Sign in to upload your games and track your stats! →
Sign in with Steam
Match 40080597
Unlisted
Match 40080597
Overview
Messages
Build Orders
End
Selects Armored Battlegroup
Construct Weapon Support Center
Scout Squad
M1919 Machine Gun Team
Selects Veteran Crews
M1919 Machine Gun Team
Construct Barracks
Riflemen Squad
Infantry Support Center
Riflemen Squad
Riflemen Squad
M3 Armored Personnel Carrier
AI Takeover
~Inquisition~
战汝娘亲
CPU - VERY EASY
让你爱上学习
Sir Ringe
deborahbransom5126
0
0
Comments
sign in to comment!
No comments posted yet!